 Dungeon Crawl Stone Soup version 0.26-a0-466-g989023bd0d (webtiles) character file.

Game seed: 12391848642340659542

21159 vurker the Frost Mage (level 13, 0/80 HPs)
             Began as a Kobold Ice Elementalist on July 30, 2020.
             Was an Elder of Vehumet.
             Hit by a silver javelin thrown by a minotaur (30 damage)
             ... in a Gauntlet.
             The game lasted 00:27:38 (20777 turns).

vurker the Frost Mage (Kobold Ice Elementalist)    Turns: 20777, Time: 00:27:39

Health: 0/80       AC:  9    Str:  7    XL:     13   Next: 17%
Magic:  16/38      EV: 15    Int: 26    God:    Vehumet [****..]
Gold:   1058       SH:  0    Dex: 15    Spells: 24/36 levels left

rFire    . . .     SeeInvis .   K - staff of cold
rCold    + . .     Faith    .   (shield currently unavailable)
rNeg     . . .     Spirit   .   G - +2 robe {Archmagi}
rPois    .         Reflect  .   (no helmet)
rElec    .         Harm     .   p - +0 cloak
rCorr    .         NoTele   +   q - +0 pair of gloves
MR       .....                  R - +2 pair of boots {Stlth+}
Stlth    ++++......             a - amulet of the acrobat
HPRegen  0.23/turn              O - +6 ring of intelligence
MPRegen  0.26/turn              A - ring of magical power

@: frozen ramparts
A: small, nightstalker 3
a: Renounce Religion


You were in a Gauntlet.
You worshipped Vehumet.
Vehumet was greatly pleased with you.
You visited 3 branches of the dungeon, and saw 16 of its levels.
You also visited: Gauntlet.

You collected 1058 gold pieces.

Inventory:

Hand Weapons
 i - a +1 dagger
   (You took it off a goblin on level 1 of the Dungeon)
Armour
 e - a +0 robe of fire resistance
   (You found it on level 5 of the Dungeon)
 p - a +0 cloak (worn)
   (You took it off Crazy Yiuf on level 2 of the Dungeon)
 q - a +0 pair of gloves (worn)
   (You found it on level 7 of the Dungeon)
 C - a +2 leather armour of magic resistance
   (You found it on level 8 of the Dungeon)
 G - a +2 robe of the Archmagi (worn)
   (You found it on level 10 of the Dungeon)
 H - a +1 robe of cold resistance
   (You found it on level 10 of the Dungeon)
 M - a +0 robe of resistance
   (You found it on level 4 of the Lair of Beasts)
 P - +0 steam dragon scales
   (You found it in a Gauntlet)
 R - a +2 pair of boots of stealth (worn)
   (You found it in a Gauntlet)
Magical Staves
 b - an uncursed staff of poison
   (You took it off an orc on level 7 of the Dungeon)
 K - an uncursed staff of cold (weapon)
   (You found it on level 11 of the Dungeon)
Jewellery
 a - an amulet of the acrobat (around neck)
   (You found it on level 8 of the Dungeon)
 d - an uncursed ring of stealth
   (You found it on level 1 of the Dungeon)
 A - a ring of magical power (right hand)
   (You found it on level 8 of the Dungeon)
 B - an uncursed ring of see invisible
   (You found it on level 8 of the Dungeon)
 O - a +6 ring of intelligence (left hand)
   (You found it in a Gauntlet)
 Q - an uncursed ring of resist corrosion
   (You found it in a Gauntlet)
Wands
 c - a wand of disintegration (8)
   (You found it on level 11 of the Dungeon)
 t - a wand of flame (25)
   (You took it off Sigmund on level 4 of the Dungeon)
 u - a wand of paralysis (8)
   (You found it on level 9 of the Dungeon)
 v - a wand of digging (11)
   (You found it on level 8 of the Dungeon)
 x - a wand of acid (25)
   (You found it on level 8 of the Dungeon)
 z - a wand of polymorph (10)
   (You took it off Ijyb on level 4 of the Dungeon)
Scrolls
 k - 5 scrolls of remove curse
 l - a scroll of immolation
 n - 2 scrolls of blinking
 r - 5 scrolls of teleportation
 w - 3 scrolls of enchant armour
 D - 2 scrolls of enchant weapon
 E - a scroll of identify
 I - 2 scrolls of fog
 L - a scroll of magic mapping
Potions
 f - a potion of cancellation
 g - 5 potions of brilliance
 h - 2 potions of flight
 j - 4 potions of magic
 m - 4 potions of heal wounds
 o - 3 potions of lignification
 s - 5 potions of haste
 y - 8 potions of curing
 J - 4 potions of mutation
Miscellaneous
 N - a phantom mirror


   Skills:
 + Level 9.5 Fighting
 - Level 2.4 Dodging
 - Level 2.6 Stealth
   Level 5.6 Shields
 * Level 12.3 Spellcasting
 - Level 3.0 Conjurations
 - Level 3.0 Summonings
 * Level 12.6 Ice Magic


You had 24 spell levels left.
You knew the following spells:

 Your Spells              Type           Power        Failure   Level
a - Freeze                Ice            ####         0%          1
b - Frozen Ramparts       Ice            ######       1%          3
c - Hailstorm             Conj/Ice       #######.     1%          4
d - Summon Ice Beast      Ice/Summ       #######.     1%          4

Your spell library contained the following spells:

 Spells                   Type           Power        Failure   Level
 Airstrike                Air            ###.......   10%         4
 Foxfire                  Conj/Fire      ####         1%          1
 Sandblast                Erth           ###...       1%          1
 Conjure Flame            Conj/Fire      #####...     1%          3
 Mephitic Cloud           Conj/Pois/Air  ####....     1%          3
 Ozocubu's Armour         Ice            ########     1%          3
 Stone Arrow              Conj/Erth      #####.       1%          3
 Apportation              Tloc           ###...       3%          1
 Inner Flame              Hex/Fire       ###.....     3%          3
 Passwall                 Tmut/Erth      ###.....     5%          2
 Poisonous Vapours        Pois/Air       ###...       5%          2
 Sticky Flame             Conj/Fire      #####...     5%          4
 Lesser Beckoning         Tloc           ###.......   11%         3
 Tukima's Dance           Hex            ###.....     11%         3
 Fireball                 Conj/Fire      #####.....   14%         5
 Freezing Cloud           Conj/Ice/Air   #######...   17%         6
 Lee's Rapid Deconstruct  Erth           ###.......   24%         5
 Petrify                  Tmut/Erth      ###.....     34%         4
 Alistair's Intoxication  Tmut/Pois      ###......    69%         5
 Invisibility             Hex            ###.....     99%         6


Dungeon Overview and Level Annotations

Branches:
Dungeon (11/15)            Temple (1/1) D:6            Lair (4/6) D:10
 Shoals (0/4) Lair:2        Snake (0/4) Lair:3          Orc (0/2) D:9
Gauntlet (1/1)

Altars:
Ashenzari
Cheibriados
Dithmenos
Fedhas
Gozag
Hepliaklqana
Kikubaaqudgha
Makhleb
Okawaru
Ru
Sif Muna
Trog
Uskayaw
Vehumet
Wu Jian
Xom
Yredelemnul
Zin
The Shining One
Beogh

Shops:
D:8 }   D:10 [   D:11 *

Annotations:
Lair:3 2 transporters Gauntlet 4 transporters


Innate Abilities, Weirdness & Mutations

You are small and have problems with some larger weapons.
You are completely attuned to the shadows.


Message History

You're wearing all the rings you can.
Remove which one? (? for menu, Esc to cancel) < or
Q - a ring of resist corrosion; > or
A - a ring of magical power You remove your ring of resist corrosion.
You feel clever.
O - a +6 ring of intelligence (left hand)
Okay, then.
There is a transporter here.
Partly explored, unvisited transporter.
Partly explored, unvisited transporter.
You enter the transporter and appear at another place.
You start removing your armour.
You continue taking off your +0 pair of boots. x4
You finish taking off your +0 pair of boots.
You start putting on your armour.
You continue putting on your pair of embroidered boots. x5
You finish putting on your +2 pair of boots of stealth.
You feel stealthy.
Drop what? 44/52 slots (_ for help) (? for menu, Esc to quit)
You drop a +0 pair of boots.
You open the door.
A minotaur comes into view.
It is wielding a +0 falchion and quivering 18 silver javelins.
You feel a strong surge of power!
The walls around you are covered in ice.
You feel a strong surge of power!
A cannonade of hail descends around you!
The hail pelts the minotaur!
The wall freezes the minotaur.
You feel a strong surge of power!
A cannonade of hail descends around you!
The hail pelts the minotaur!
The wall freezes the minotaur.
The minotaur throws a silver javelin.
The silver javelin pierces through you!
You feel a strong surge of power! A chill wind blows around you.
The wall freezes the minotaur!
The minotaur throws a silver javelin.
The silver javelin pierces through you!
You feel a strong surge of power! A chill wind blows around you.
The wall freezes the minotaur!
The minotaur throws a silver javelin.
The silver javelin pierces through you!!
* * * LOW HITPOINT WARNING * * *
* * * LOW HITPOINT WARNING * * *
You feel a strong surge of power!
A cannonade of hail descends around you!
The hail pelts the minotaur!
The wall freezes the minotaur.
The minotaur throws a silver javelin.
The silver javelin pierces through you!
* * * LOW HITPOINT WARNING * * *
* * * LOW HITPOINT WARNING * * *
You feel much better.
The wall freezes the minotaur!
The minotaur throws a silver javelin.
The silver javelin pierces through your ice beast!!
The silver javelin pierces through you!!
You die...

..#.#..#≈8 #########
...©#..#...##....##.####
..#.#..#.8 ...##.##....#
.##.#..#...##.##....##.##
##..#..#.8.##....##.##..#
....#..#......##.##....##
#####..#...##.##....##.##
......≈#.©.##...Y######.#
......∩#......##@YH.. ###
......§#.©.##.##.####
#####..#...##....#
h#H##..#......##.#
S...#..#.8.# .##..
.##[#..#.. #PH#..#.8
#YH#..#.. ##H#..#≈8


You could see a minotaur and 2 friendly ice beasts.

Vanquished Creatures
  A death ooze (Gauntlet)
  A catoblepas (Lair:3)
  Pikel (D:9)
  An ugly thing (D:11)
  4 elephants
  A centaur zombie (D:11)
  4 cane toads
  A komodo dragon (D:10)
  A polar bear (Lair:2)
  Grinder (D:5)
  A troll (D:11)
  A hornet (Lair:3)
  A raiju (Gauntlet)
  2 hippogriffs
  A slime creature (Gauntlet)
  Sigmund (D:4)
  A ynoxinul (Gauntlet)
  A spriggan (D:8)
  28 yaks
  2 basilisks
  A steam dragon (Gauntlet)
  7 nagas (Lair:3)
  4 water moccasins
  5 porcupines
  5 sky beasts
  An eye of draining (D:11)
  11 orc warriors
  A phantom (D:5)
  A necrophage (D:6)
  10 ogres
  2 black bears
  5 centaurs
  A big kobold (D:9)
  4 crocodiles
  5 bullfrogs
  4 scorpions
  3 killer bees (D:7)
  8 wights
  3 electric eels (Lair:2)
  6 howler monkeys
  A quasit (D:7)
  10 hounds
  6 orc priests
  7 orc wizards
  3 iguanas
  3 iron imps (Gauntlet)
  Crazy Yiuf (D:2)
  Jessica (D:2)
  Ijyb (D:4)
  Terence (D:2)
  5 worker ants
  3 hound skeletons
  7 adders
  6 shadow imps
  A white imp (D:9)
  An ufetubus (D:9)
  An ooze (D:5)
  An adder skeleton (D:4)
  2 worms
  A dart slug (D:2)
  6 leopard geckos
  59 orcs
  3 giant cockroaches
  7 goblins
  5 hobgoblins
  13 jackals
  14 kobolds
  7 quokkas
  A ball python (D:5)
  4 bats
  9 frilled lizards
  3 quokka skeletons
  2 quokka zombies
  6 rats
  2 fungi
  4 plants
349 creatures vanquished.

Vanquished Creatures (collateral kills)
  A hydra (Lair:3)
  2 elephants (Lair:3)
  A centaur skeleton (D:11)
  A troll (D:9)
  A slime creature (Gauntlet)
  An orc warrior (D:6)
  A phantom (D:7)
  3 ice beasts
  An eye of draining (D:10)
  A wight (D:8)
  A centaur zombie (D:6)
  A quasit (D:9)
  An iron imp (Gauntlet)
  A hound (D:7)
  A bullfrog skeleton (D:5)
  2 killer bee zombies
  2 white imps
22 creatures vanquished.

Vanquished Creatures (others)
  A fungus (Lair:3)
  6 plants
7 creatures vanquished.

Grand Total: 378 creatures vanquished

Notes
Turn   | Place    | Note
-------+----------+-------------------------------------------
     0 | D:1      | vurker the Kobold Ice Elementalist began the quest for the
                  | Orb.
     0 | D:1      | Reached XP level 1. HP: 10/10 MP: 3/3
   335 | D:1      | Reached XP level 2. HP: 16/16 MP: 3/5
   986 | D:2      | Reached skill level 1 in Fighting
   986 | D:2      | Reached XP level 3. HP: 20/20 MP: 7/7
   991 | D:2      | Learned a level 3 spell: Frozen Ramparts
  1162 | D:2      | Noticed Terence
  1173 | D:2      | HP: 1/20 [something (8)]
  1174 | D:2      | Killed Terence
  1174 | D:2      | Reached XP level 4. HP: 2/25 MP: 1/8
  1701 | D:2      | Noticed Jessica
  1713 | D:2      | Killed Jessica
  1767 | D:2      | Reached XP level 5. HP: 30/30 MP: 10/10
  2188 | D:2      | Found a runed translucent door.
  2191 | D:2      | Noticed Crazy Yiuf
  2527 | D:2      | Killed Crazy Yiuf
  2527 | D:2      | Reached skill level 5 in Ice Magic
  2978 | D:3      | Found a glowing golden altar of the Shining One.
  2987 | D:3      | Reached XP level 6. HP: 22/36 MP: 5/12
  3719 | D:4      | Noticed Sigmund
  3725 | D:4      | Killed Sigmund
  3725 | D:4      | Reached skill level 1 in Shields
  3794 | D:4      | Reached XP level 7. HP: 29/40 MP: 6/13
  4005 | D:4      | Learned a level 4 spell: Hailstorm
  4010 | D:4      | Learned a level 4 spell: Summon Ice Beast
  4012 | D:4      | Noticed Ijyb
  4022 | D:4      | Killed Ijyb
  4054 | D:4      | Found a blossoming altar of Fedhas.
  4330 | D:4      | Reached skill level 1 in Conjurations
  4584 | D:5      | Entered Level 5 of the Dungeon
  4785 | D:5      | Reached skill level 1 in Summonings
  4820 | D:5      | HP: 1/41 [white imp/puff of frost (7)]
  5151 | D:5      | Reached skill level 5 in Spellcasting
  5151 | D:5      | Reached XP level 8. HP: 46/46 MP: 9/15
  5293 | D:5      | Got a crystal hunting sling
  5294 | D:5      | Identified the cursed +1 hunting sling of Piqibusu {vorpal,
                  | rN+ Int+3 Dex-2} (You found it on level 5 of the Dungeon)
  5961 | D:5      | Noticed Grinder
  6039 | D:5      | Killed Grinder
  6306 | D:5      | Got a crystal dagger
  6307 | D:5      | Identified the +2 dagger of Siseuzifyin {vorpal, rElec
                  | Str+4 Stlth-} (You found it on level 5 of the Dungeon)
  6747 | D:5      | Reached XP level 9. HP: 13/52 MP: 13/17
  7272 | D:6      | Found a staircase to the Ecumenical Temple.
  7279 | Temple   | Entered the Ecumenical Temple
  7343 | Temple   | Became a worshipper of Vehumet
  8555 | D:6      | Found a burning altar of Makhleb.
  8565 | D:6      | Reached skill level 5 in Fighting
  8994 | D:7      | Reached XP level 10. HP: 49/59 MP: 11/20
  9352 | D:7      | Reached * piety under Vehumet
  9352 | D:7      | Offered knowledge of Magic Dart by Vehumet.
  9389 | D:7      | Reached skill level 5 in Shields
  9762 | D:7      | Found a shadowy altar of Dithmenos.
 10154 | D:8      | Found Waim's Gadget Shoppe.
 11652 | D:9      | Got an ancient leather armour
 11662 | D:9      | Found a hazy altar of Hepliaklqana.
 11894 | D:9      | Noticed Pikel
 11900 | D:9      | Killed Pikel
 11995 | D:9      | Reached ** piety under Vehumet
 11995 | D:9      | Offered knowledge of Shock by Vehumet.
 12226 | D:9      | Reached XP level 11. HP: 51/65 MP: 11/23
 12342 | D:9      | Found a staircase to the Orcish Mines.
 12643 | D:9      | Found a roughly hewn altar of Beogh.
 12653 | D:9      | Offered knowledge of Dazzling Flash by Vehumet.
 12664 | D:9      | Reached *** piety under Vehumet
 13021 | D:10     | Entered Level 10 of the Dungeon
 13226 | D:10     | Identified the +2 leather armour of Supple Strength {rPois
                  | rF+ Int-5} (You found it on level 9 of the Dungeon)
 13401 | D:10     | Found Gevihymo's Armour Boutique.
 13421 | D:10     | Found an opulent altar of Gozag.
 13723 | D:10     | Reached skill level 10 in Ice Magic
 14029 | D:10     | Found a staircase to the Lair.
 14202 | D:10     | Offered knowledge of Fulminant Prism by Vehumet.
 14849 | D:11     | Found Enoabran's Assorted Antiques.
 14995 | D:11     | Noticed a purple ugly thing
 15001 | D:11     | Killed a purple ugly thing
 15286 | D:11     | Reached skill level 10 in Spellcasting
 15327 | D:11     | Got a translucent crystal amulet
 15328 | D:11     | Identified the amulet "Deimafayfen" {Inacc Dex+3} (You
                  | found it on level 11 of the Dungeon)
 15960 | Lair:1   | Entered Level 1 of the Lair of Beasts
 16120 | Lair:1   | Reached XP level 12. HP: 68/73 MP: 21/26
 16124 | Lair:1   | Reached **** piety under Vehumet
 17046 | Lair:2   | Offered knowledge of Airstrike by Vehumet.
 17074 | Lair:2   | Found a staircase to the Shoals.
 18630 | Lair:3   | Noticed a catoblepas
 18638 | Lair:3   | Killed a catoblepas
 18823 | Lair:3   | Found a transporter.
 18828 | Lair:3   | Noticed a death yak
 19341 | Lair:3   | Found a staircase to the Snake Pit.
 19627 | Lair:3   | Noticed a four-headed hydra
 19632 | Lair:3   | Killed a four-headed hydra
 19632 | Lair:3   | Reached XP level 13. HP: 80/80 MP: 21/29
 19991 | Lair:3   | Found a transporter.
 20202 | Lair:4   | Found a gate leading to a gauntlet.
 20208 | Gauntlet | Entered a Gauntlet
 20238 | Gauntlet | Noticed a death ooze
 20247 | Gauntlet | Found a transporter.
 20298 | Gauntlet | Found a transporter.
 20312 | Gauntlet | Found a transporter.
 20362 | Gauntlet | Found a transporter.
 20398 | Gauntlet | Found a transporter.
 20398 | Gauntlet | Found a transporter.
 20419 | Gauntlet | Found a transporter.
 20517 | Gauntlet | Found a transporter.
 20531 | Gauntlet | Found a transporter.
 20589 | Gauntlet | Found a transporter.
 20611 | Gauntlet | Killed a death ooze
 20770 | Gauntlet | Noticed a minotaur
 20776 | Gauntlet | HP: 3/80 [minotaur/silver javelin (5)]
 20777 | Gauntlet | Hit by a silver javelin thrown by a minotaur

Illustrated notes

Levels and vault maps discovered:
D:1:      minmay_arrival_diagonal_passages, layout_loops_ring
D:2:      layout_basic, serial_rivers, chequers_serial_rivers_large_b,
          chequers_serial_rivers_small_3, chequers_serial_rivers_small_a,
          chequers_serial_rivers_micro_e, chequers_serial_rivers_small_3,
          chequers_serial_rivers_micro_a, uniq_terence, uniq_jessica,
          uniq_crazy_yiuf_cottage
D:3:      minmay_door_path, layout_loops_ring, nicolae_overflow_hidden_temple
D:4:      layout_rooms, lemuel_doored_altar, uniq_sigmund, uniq_ijyb
D:5:      minmay_clustersquares, layout_basic, lemuel_statue_altar, uniq_grinder
D:6:      layout_loops_ring, makhleb_blood_cavern_becter, temple_fountains,
          minmay_misc_feat_plants
D:7:      layout_gridville, basic_altar, abandoned_shop
D:8:      layout_loops_cross, serial_shops, nicolae_shop_statue_plus,
          minmay_misc_feat_diagonals, the_bakery
D:9:      layout_loops_ring, overflow_temple_1_default, david_orc_4,
          special_room [special_room_orc], uniq_pikel
D:10:     layout_roguey, david_lair_shrubbed, basic_altar, serial_shops,
          nicolae_shop_statue_plus
D:11:     layout_basic, serial_shops, shop
Temple:   nicolae_temple_x_marks_the_god
Lair:1:   layout_loops_ring, serial_bayou_shore_b
Lair:2:   layout_hall_layers, minmay_shoals_entry_centaurs, disabler_island,
          grunt_megastairs_3
Lair:3:   layout_regular_city, minmay_snake_entry_guardpost_medium,
          gammafunk_ghost_arena
Lair:4:   mu_elephants_graveyard, layout_cave_pods, gauntlet_entry_generic,
          chequers_serial_rivers_room_b, uniq_sonja
Gauntlet: gammafunk_gauntlet_hard_choice [gammafunk_gauntlet_arena_arrow_garden,
          gammafunk_gauntlet_arena_split_x, gammafunk_gauntlet_arena_teeth,
          nicolae_gauntlet_arena_flowing_pool, gammafunk_gauntlet_arena_mazey,
          gammafunk_gauntlet_arena_split_diamond, gauntlet_exit_green]

Skill      XL: |  1  2  3  4  5  6  7  8  9 10 11 12 |
---------------+-------------------------------------+-----
Fighting       | 1 2 3 5 6 7 9 |  9.5
Spellcasting   | 3 4 5 7 8 10 12 | 12.3
Ice Magic      | 5 6 7 9 10 12 | 12.6
Shields        | 1 2 3 4 5 |  5.6
Conjurations   | 1 2 3 |  3.0
Summonings     | 1 3 |  3.0
Dodging        | |  2.4
Stealth        | |  2.6

Action                   |  1- 3 |  4- 6 |  7- 9 | 10-12 | 13-15 || total
-------------------------+-------+-------+-------+-------+-------++-------
Melee: Unarmed           |     2 |       |    11 |       |       ||    13
       Dagger            |    17 |    30 |   188 |    62 |       ||   297
 Cast: Freeze            |    32 |    32 |    68 |   106 |     4 ||   242
       Frozen Ramparts   |     1 |     5 |    30 |    71 |     2 ||   109
       Summon Ice Beast  |       |       |    15 |    45 |     8 ||    68
       Hailstorm         |       |       |       |   154 |    20 ||   174
Evoke: Wand              |       |       |     5 |       |       ||     5
  Use: Scroll            |       |       |    19 |    10 |       ||    29
       Potion            |       |       |       |       |     1 ||     1
 Stab: Sleeping          |     5 |     7 |     9 |       |       ||    21
       Distracted        |     1 |       |       |     1 |       ||     2
       Confused          |       |       |     1 |       |       ||     1
Armor: Robe              |     3 |     5 |    26 |    20 |     1 ||    55
       Skin              |       |       |     1 |       |       ||     1
       Leather armour    |       |       |       |    19 |       ||    19
Dodge: Dodged            |    19 |    37 |   138 |   108 |     4 ||   306
Block: Buckler           |       |     1 |    66 |    64 |       ||   131

Table legend: (Time is in decaauts)
 A = Elapsed time spent in this place.
 B = Non-inter-level travel time spent in this place.
 C = Inter-level travel time spent in this place.
 D = Time resting spent in this place.
 E = Time spent auto-exploring this place.
 F = Levels seen in this place.
 G = Mean time per level.
                   A        B        C        D        E       F      G
               +--------+--------+--------+--------+--------+-----+--------+
         Total |  20837 |  20213 |    624 |    297 |  17375 |  17 | 1225.7 |
       Dungeon |  15947 |  15395 |    552 |    293 |  12997 |  11 | 1449.7 |
        Temple |     74 |     65 |      9 |      0 |     59 |   1 |   74.0 |
          Lair |   4248 |   4185 |     63 |      4 |   3857 |   4 | 1062.0 |
      Gauntlet |    566 |    566 |      0 |      0 |    462 |   1 |  566.0 |
               +--------+--------+--------+--------+--------+-----+--------+

Top non-repeatable levels by time:
     D:5: 2214 daAuts
     D:2: 1827 daAuts
     D:6: 1770 daAuts
     D:9: 1767 daAuts
  Lair:3: 1589 daAuts
  Lair:2: 1536 daAuts
    D:11: 1478 daAuts
    D:10: 1460 daAuts
     D:8: 1278 daAuts
     D:4: 1176 daAuts
     D:3: 1107 daAuts
  Lair:1: 1044 daAuts
     D:7: 1018 daAuts
     D:1: 848 daAuts
Gauntlet: 566 daAuts
